Map: Lost and Found LE

Players

Serral - Winner!

  • Race: Zerg Zerg
  • Spawn Location: 1:00

Lambo

  • Race: Zerg Zerg
  • Spawn Location: 7:00

Event: WCS Montreal 2018

VOD

Have the link to the VOD?

Description

Time

  • Played on: Sept. 9, 2018, 2:58 p.m.
  • Length: 12:22

All games in this series

Show
View Real Time Build Order
Export as new Build Order

Serral Zerg - Winner!

Build Orders: Hatch First, Roach Hydra 

Get SALT Encoding   

  12  0:00  Drone  
  13  0:12  Overlord  
  13  0:16  Drone  
  14  0:31  Drone x2  
  16  0:48  Hatchery  
  15  0:51  Drone  
  15  0:55  Drone  
  17  0:57  Drone  
  18  1:09  Extractor  
  17  1:13  Spawning Pool  
  17  1:16  Drone  
  17  1:20  Drone  
  18  1:28  Drone  
  19  1:40  Drone  
  20  1:50  Overlord  
  20  2:00  Queen x2  
  24  2:02  Drone x2  
  26  2:09  Metabolic Boost  
  26  2:11  Drone x2  
  28  2:23  Drone x2  
  30  2:32  Drone x2  
  32  2:39  Hatchery  
  31  2:44  Baneling Nest, Zergling x2  
  31  2:47  Zergling x2  
  32  2:53  Overlord  
  32  2:54  Drone  
  33  3:05  Drone  
  34  3:07  Drone x2  
  34  3:09  Overlord  
  34  3:12  Zergling x4  
  38  3:13  Drone x2  
  38  3:17  Drone  
  41  3:21  Overlord  
  40  3:27  Queen  
  40  3:28  Zergling x2  
  43  3:35  Drone  
  43  3:40  Evolution Chamber  
  43  3:41  Drone x6  
  49  3:46  Overlord  
  49  3:48  Zergling x2  
  50  3:52  Drone x2  
  52  4:00  Drone  
  53  4:03  Drone x2  
  53  4:07  Zerg Missile Weapons Level 1  
  55  4:10  Overlord  
  55  4:13  Extractor, Lair  
  55  4:14  Drone x3  
  55  4:15  Extractor, Zergling x2  
  57  4:17  Baneling  
  57  4:21  Drone x3  
  57  4:22  Drone  
  61  4:24  Baneling  
  61  4:26  Overlord  
  61  4:27  Zergling x2  
  62  4:32  Drone  
  62  4:33  Roach Warren  
  62  4:34  Drone  
  62  4:36  Drone x2  
  64  4:40  Drone  
  64  4:43  Drone x2  
  67  4:46  Drone x2  
  67  4:49  Overlord  
  69  4:54  Extractor x2  
  69  4:58  Overlord  
  67  5:04  Drone x5  
  67  5:06  Extractor, Pneumatized Carapace  
  71  5:12  Glial Reconstitution  
  71  5:14  Drone x3  
  73  5:15  Drone  
  73  5:17  Overlord  
  73  5:19  Drone x3  
  73  5:20  Overseer  
  79  5:28  Drone x2  
  79  5:30  Queen  
  79  5:32  Overlord  
  79  5:35  Roach x2  
  85  5:40  Roach x2  
  85  5:41  Roach  
  85  5:42  Hatchery  
  90  5:50  Drone, Evolution Chamber  
  90  6:01  Zerg Missile Weapons Level 2  
  90  6:06  Spore Crawler  
  90  6:08  Spore Crawler  
  88  6:15  Drone x3  
  88  6:16  Drone, Roach x3  
  88  6:17  Roach x3  
  104  6:19  Zerg Ground Armor Level 1  
  104  6:20  Drone x3  
  104  6:21  Drone x2  
  109  6:27  Spore Crawler  
  109  6:30  Baneling  
  109  6:31  Baneling x2, Overlord  
  109  6:32  Spore Crawler  
  107  6:33  Spore Crawler, Burrow, Tunneling Claws  
  107  6:38  Spore Crawler, Drone x2  
  111  6:40  Roach x2  
  111  6:41  Spore Crawler  
  111  6:44  Baneling x2  
  111  6:45  Spore Crawler  
  109  6:49  Hydralisk Den, Roach x3  
  114  6:58  Drone x3  
  114  7:00  Spore Crawler  
  116  7:03  Roach x2  
  116  7:05  Roach x3  
  125  7:09  Overlord  
  125  7:10  Overlord  
  125  7:12  Overlord  
  125  7:14  Overlord  
  125  7:15  Overlord, Spore Crawler  
  124  7:17  Overlord  
  121  7:24  Spore Crawler  
  121  7:25  Muscular Augments  
  120  7:34  Hydralisk x6  
  129  7:39  Spore Crawler  
  129  7:40  Drone  
  129  7:43  Spore Crawler  
  129  7:44  Spore Crawler, Hydralisk  
  128  7:46  Spore Crawler, Roach  
  128  7:49  Roach x2  
  136  7:51  Roach  
  136  7:55  Roach x2  
  140  8:03  Drone x3  
  143  8:06  Lurker Den, Hydralisk x2  
  143  8:07  Roach  
  143  8:08  Roach  
  143  8:09  Roach x3  
  143  8:10  Roach x2  
  152  8:13  Hydralisk  
  152  8:16  Hydralisk  
  152  8:18  Hydralisk, Roach x2  
  156  8:22  Roach x2  
  156  8:26  Roach x2  
  158  8:28  Roach  
  158  8:29  Roach x3  
  158  8:31  Drone x3, Roach  
  158  8:33  Roach  
  157  8:35  Roach x2  
  157  8:37  Overlord x2  
  157  8:40  Overlord  
  155  8:44  Hydralisk  
  155  8:45  Infestation Pit  
  156  8:48  Roach x2  
  156  8:49  Hydralisk  
  156  8:54  Overlord x4  
  158  9:00  Roach x2, Grooved Spines  
  158  9:03  Roach x2  
  158  9:04  Roach x7  
  158  9:06  Roach x6  
  158  9:09  Roach  
  164  9:10  Roach x3  
  164  9:14  Roach x8  
  162  9:18  Hydralisk x4  
  162  9:20  Roach  
  172  9:24  Roach  
  172  9:25  Roach x2  
  172  9:26  Roach  
  172  9:27  Roach x2  
  172  9:28  Roach  
  186  9:31  Roach x2  
  186  9:34  Roach x2  
  186  9:36  Roach  
  186  9:37  Roach  
  186  9:41  Spore Crawler, Hydralisk  
  183  9:46  Spore Crawler  
  183  9:48  Hydralisk x2  
  183  9:50  Hydralisk x2, Roach  
  183  9:51  Roach x2  
  181  9:54  Hydralisk  
  181  9:55  Hydralisk  
  181  9:56  Roach x3  
  181  9:58  Hydralisk  
  157  10:01  Hydralisk  
  157  10:03  Hydralisk  
  157  10:04  Hydralisk x3  
  149  10:08  Hydralisk  
  149  10:10  Hydralisk  
  149  10:12  Unknown x5  
  125  10:18  Hydralisk x2  
  126  10:22  Hydralisk  
  126  10:25  Roach x2  
  126  10:26  Roach  
  128  10:29  Spore Crawler, Hydralisk  
  128  10:32  Roach x3  
  128  10:33  Roach x2  
  128  10:34  Roach x5  
  128  10:35  Hydralisk  
  129  10:37  Roach x2  
  129  10:38  Hydralisk  
  133  10:54  Hydralisk  
  133  10:55  Hydralisk x2  
  133  10:57  Roach  
  133  10:59  Roach x2  
  131  11:06  Roach  
  131  11:09  Roach x3  
  131  11:11  Roach  
  131  11:16  Roach  
  129  11:20  Roach  
  129  11:21  Roach  
  129  11:22  Roach  
  131  11:26  Roach x9  
  131  11:27  Roach x2  
  131  11:30  Roach  
  135  11:34  Roach  
  137  11:48  Roach x5  
  145  11:56  Roach x3  
  145  11:59  Roach  
Show
View Real Time Build Order
Export as new Build Order

Lambo Zerg 

Build Orders: Hatch First, Muta Ling Bane 

Get SALT Encoding   

  12  0:00  Drone  
  13  0:12  Overlord  
  13  0:16  Drone  
  14  0:30  Drone  
  14  0:31  Drone  
  16  0:47  Hatchery  
  15  0:50  Drone  
  15  0:54  Drone  
  15  0:57  Drone  
  18  1:07  Extractor  
  17  1:12  Spawning Pool  
  17  1:14  Drone  
  17  1:18  Drone  
  18  1:27  Drone  
  19  1:38  Drone  
  20  1:50  Drone  
  21  1:59  Queen x2  
  21  2:00  Overlord, Drone  
  26  2:08  Metabolic Boost  
  26  2:09  Drone  
  26  2:10  Drone  
  28  2:20  Drone  
  28  2:21  Drone  
  30  2:30  Hatchery  
  30  2:33  Drone  
  30  2:35  Drone  
  31  2:47  Baneling Nest, Zergling x2  
  31  2:49  Zergling x2  
  32  2:52  Overlord  
  32  2:54  Drone  
  33  3:04  Drone x2  
  35  3:06  Drone  
  35  3:12  Zergling x4  
  38  3:13  Zergling x2  
  38  3:14  Overlord  
  38  3:16  Drone x2  
  38  3:18  Queen  
  43  3:21  Drone  
  44  3:33  Baneling  
  44  3:34  Baneling  
  44  3:37  Drone x2  
  44  3:40  Drone x2  
  47  3:46  Evolution Chamber  
  47  3:47  Drone x3  
  49  3:51  Drone x3  
  49  3:54  Extractor  
  49  3:55  Lair  
  51  3:57  Extractor  
  51  3:59  Drone x3  
  53  4:07  Drone x2, Roach Warren  
  54  4:11  Zergling x2  
  54  4:12  Drone x2  
  54  4:16  Overlord  
  57  4:17  Extractor  
  57  4:18  Drone  
  57  4:22  Overlord  
  57  4:30  Overlord  
  57  4:35  Drone x5  
  57  4:36  Drone  
  63  4:42  Drone x3  
  63  4:43  Drone  
  63  4:45  Drone x3  
  70  4:46  Drone x2  
  70  4:47  Overlord  
  70  4:52  Drone x2  
  74  4:53  Drone x2  
  74  4:59  Zerg Melee Weapons Level 1  
  75  5:01  Spire  
  75  5:04  Extractor  
  75  5:05  Extractor  
  72  5:08  Drone  
  72  5:12  Zergling x10  
  78  5:20  Drone x2  
  78  5:21  Drone  
  81  5:23  Hatchery  
  80  5:32  Overlord  
  80  5:33  Drone  
  81  5:36  Zergling x12  
  87  5:53  Drone x7  
  96  5:58  Overlord x2  
  96  6:01  Extractor  
  93  6:05  Overlord  
  93  6:06  Extractor  
  92  6:12  Drone x2  
  94  6:18  Mutalisk x6  
  94  6:20  Mutalisk, Zerg Flyer Weapons Level 1  
  94  6:21  Mutalisk  
  94  6:23  Queen  
  112  6:27  Mutalisk x4  
  120  6:34  Mutalisk, Overlord  
  120  6:35  Mutalisk  
  120  6:37  Overlord  
  126  6:41  Overlord  
  126  6:42  Mutalisk  
  126  6:46  Overlord  
  127  6:51  Centrifical Hooks  
  127  6:52  Mutalisk  
  129  6:55  Zergling x12  
  129  6:59  Mutalisk  
  135  7:01  Zergling x2  
  135  7:02  Zergling x16  
  135  7:03  Overseer  
  135  7:07  Zergling x4  
  146  7:11  Mutalisk  
  147  7:17  Mutalisk x3  
  147  7:22  Zergling x2  
  152  7:28  Mutalisk x2  
  152  7:29  Overlord  
  154  7:35  Mutalisk x2  
  154  7:36  Overlord  
  156  7:38  Overlord  
  156  7:39  Baneling x2  
  156  7:42  Zergling x8  
  160  7:45  Baneling x3  
  160  7:53  Zergling x6  
  160  7:54  Zergling x4  
  160  7:55  Overseer  
  158  8:00  Zergling x10  
  162  8:08  Mutalisk x2, Overseer  
  162  8:09  Mutalisk  
  166  8:15  Zergling x18  
  166  8:17  Baneling x4  
  175  8:24  Zergling x6  
  176  8:28  Pneumatized Carapace  
  176  8:31  Zergling x2  
  172  8:34  Zergling x6  
  172  8:40  Mutalisk, Overlord  
  175  8:48  Spine Crawler  
  170  8:49  Overlord, Drone x7  
  170  8:54  Mutalisk  
  170  8:55  Mutalisk  
  174  8:58  Mutalisk x3  
  177  9:08  Mutalisk x3  
  182  9:10  Zergling x14  
  188  9:21  Zergling x6  
  191  9:29  Zergling x2  
  191  9:30  Zergling x4  
  190  9:32  Baneling x17  
  190  9:33  Zergling x2  
  190  9:38  Zergling x6  
  185  9:49  Zergling x12  
  165  9:55  Zergling x6  
  165  9:58  Mutalisk  
  138  10:01  Zergling x2  
  138  10:02  Zergling x2  
  128  10:08  Mutalisk x2  
  128  10:09  Zergling x2  
  128  10:12  Zergling x2  
  124  10:15  Zergling x4  
  124  10:18  Zergling x2  
  124  10:19  Zergling x2  
  120  10:25  Zergling x8  
  119  10:31  Mutalisk  
  110  10:36  Zergling x6  
  110  10:37  Overseer  
  113  10:43  Mutalisk  
  113  10:44  Mutalisk  
  116  10:50  Zergling x4  
  114  11:02  Mutalisk x3  
  114  11:06  Mutalisk  
  114  11:11  Mutalisk  
  112  11:16  Mutalisk  
  115  11:23  Mutalisk  
  113  11:37  Baneling x7  
  113  11:38  Baneling  
  113  11:44  Baneling x3  
  108  11:56  Zergling x6  
  99  12:03  Zergling x2  
  99  12:05  Zergling x2  
Tags
 
Add a new tag
Caveats
  • Supply blocks, unpowered buildings, or Contaminate may cause inaccurate times.
  • Supply counts are checked every 10 seconds.